 Dungeon Crawl Stone Soup version 0.31-a0-174-g85c54bcb58 (webtiles) character file.

Game seed: 11504471200663236061

305 TittyCrusher the Stinger (level 6, -2/64 HPs)
             Began as a Formicid Transmuter on June 15, 2023.
             Slain by Edmund
             ... wielding a +0 dire flail of protection
              (3 damage)
             ... on level 4 of the Dungeon.
             The game lasted 00:09:37 (3065 turns).

TittyCrusher the Stinger (Formicid Transmuter)      Turns: 3065, Time: 00:09:38

Health: -2/64      AC: 27    Str: 14    XL:     6   Next: 67%
Magic:  9/9        EV:  2    Int: 15    God:
Gold:   174        SH:  0    Dex: 14    Spells: 3/9 levels left

rFire   + . .        a - +1 short sword (venom)
rCold   . . .        (no shield)
rNeg    . . .        q - melded +3 leather armour "Xemu" {rF- Regen+ SInv}
rPois   +            (helmet unavailable)
rElec   .            n - melded scarf {repulsion}
rCorr   .            u - melded +0 pair of gloves
SInv    .            r - melded +0 pair of boots
Will    .....        (no amulet)
Stlth   +            e - ring of protection from fire
HPRegen 0.30/turn    h - +4 ring of protection
MPRegen 0.11/turn

%: no passive effects
@: tree-form
A: stationary, stasis, torment immunity, boosted hp, permanent stasis, dig
shafts and tunnels, (antennae 3), four strong arms
a: no special abilities


You were on level 4 of the Dungeon.
You were a tree.
You visited 1 branch of the dungeon, and saw 4 of its levels.

You collected 174 gold pieces.

Inventory:

Hand Weapons
 a - a +1 short sword of venom (weapon)
 b - a +0 sling
Missiles
 d - 51 stones (quivered)
 x - 3 silver javelins
 z - 10 poisoned darts
Armour
 n - a scarf of repulsion (melded)
 q - the +3 leather armour "Xemu" (melded) {rF- Regen+ SInv}
   (You found it on level 2 of the Dungeon)

   rF:        It makes you vulnerable to fire.
   SInv:      It lets you see invisible.
   Regen:     It increases your rate of health regeneration.
 r - a +0 pair of boots (melded)
 s - a +0 robe
 u - a +0 pair of gloves (melded)
Jewellery
 e - a ring of protection from fire (left branch)
 h - a +4 ring of protection (right branch)
 l - a ring of ice
 m - a ring of magical power
 t - a ring of magical power
Wands
 w - a wand of polymorph (9)
 A - a wand of flame (7)
Scrolls
 c - a scroll of immolation
 j - a scroll of poison {unknown}
 k - 2 scrolls of fear
 p - a scroll of noise {unknown}
 v - a scroll of amnesia {unknown}
 y - a scroll of teleportation {unknown}
 C - a scroll of vulnerability {unknown}
Potions
 i - a potion of mutation
 B - a potion of resistance


   Skills:
 - Level 1.1 Fighting
 - Level 1.7 Dodging
 + Level 4.5 Unarmed Combat
 - Level 2.1 Spellcasting
 - Level 3.8 Transmutations
 - Level 5.4 Poison Magic


You had 3 spell levels left.
You knew the following spells:

 Your Spells              Type           Power      Damage    Failure   Level
a - Beastly Appendage     Tmut           26%        N/A       4%          1
b - Wereblood             Tmut           13%        N/A       7%          2
c - Spider Form           Tmut/Pois      15%        N/A       10%         3

Your spell library contained the following spells:

 Spells                   Type           Power      Damage    Failure   Level
 Slow                     Hex            4%         N/A       22%         1
 Confusing Touch          Hex            1%         N/A       54%         3
 Vampiric Draining        Necr           1%         2d6       54%         3
 Ice Form                 Ice/Tmut       7%         N/A       69%         4
 Summon Forest            Summ/Tloc      0%         N/A       99%         5
 Eringya's Noxious Bog    Tmut/Pois      7%         N/A       99%         6
 Summon Hydra             Summ           0%         N/A       100%        7


Dungeon Overview and Level Annotations

Branches:
Dungeon (4/15)
 Temple: D:4-7

Altars:
Kikubaaqudgha
Yredelemnul

Annotations:
D:4 Edmund


Innate Abilities, Weirdness & Mutations

You are a tree.
Your roots penetrate the ground, keeping you stationary.
You cannot be teleported.
You are immune to unholy pain and torment.
Your maximum health is greatly increased.
Your equipment is partially melded.
You cannot be hasted, slowed, berserked, paralysed or teleported.
You can dig through walls and to a lower floor.
((You have a pair of large antennae on your head. (SInv)))
Your four strong arms can wield two-handed weapons with a shield.


Message History

Edmund hits you but does no damage.
You barely miss Edmund.
Edmund is severely wounded.
Edmund hits you with a +0 dire flail of protection!
* * * LOW HITPOINT WARNING * * *
Edmund hits you but does no damage.
You are confused.
You feel invigorated. Edmund hits you but does no damage.
Okay, then.
Edmund hits you but does no damage. x2
Edmund hits you with a +0 dire flail of protection!
* * * LOW HITPOINT WARNING * * *
Edmund hits you with a +0 dire flail of protection!
* * * LOW HITPOINT WARNING * * *
Edmund hits you with a +0 dire flail of protection.
* * * LOW HITPOINT WARNING * * *
You feel less invigorated.
You feel less confused.
Edmund hits you with a +0 dire flail of protection.
* * * LOW HITPOINT WARNING * * *
You feel better.
Edmund hits you with a +0 dire flail of protection!
* * * LOW HITPOINT WARNING * * *
Edmund hits you with a +0 dire flail of protection.
* * * LOW HITPOINT WARNING * * *
You hit Edmund but do no damage.
Edmund looks as sick as possible!
Edmund is almost dead.
Edmund hits you but does no damage.
You hit Edmund but do no damage.
Edmund looks as sick as possible!
Edmund is almost dead.
Edmund hits you but does no damage. x2
You hit Edmund.
Edmund looks as sick as possible!
Edmund is almost dead.
Edmund hits you with a +0 dire flail of protection!
* * * LOW HITPOINT WARNING * * *
You barely miss Edmund.
Edmund is almost dead.
Edmund hits you but does no damage.
Edmund hits you with a +0 dire flail of protection.
You die...

..##.##...## ..........##
.......... .####......[#
...........# {
...........# .......@...#
#.......##♣...#
#.......#.....#
#.............#
#.............#
#............##
#............## {
#.............###
#######..........##...###
.....####........####...#


You could see Edmund (berserk, extremely poisoned).

Vanquished Creatures
  An ogre (D:4)
  Jessica (D:2)
  An orc wizard (D:3)
  7 adders
  A worm (D:4)
  5 dart slugs
  3 orcs (D:3)
  11 ball pythons
  5 bats
  8 endoplasms
  2 giant cockroaches
  9 goblins
  7 hobgoblins
  4 jackals (D:1)
  4 kobolds
  A quokka (D:2)
  5 frilled lizards
  5 rats
80 creatures vanquished.

Vanquished Creatures (others)
  An orc wizard (D:3)
1 creature vanquished.

Grand Total: 81 creatures vanquished

Notes
Turn   | Place    | Note
-------+----------+-------------------------------------------
     0 | D:1      | TittyCrusher the Formicid Transmuter began the quest for
                  | the Orb.
     0 | D:1      | Reached XP level 1. HP: 15/15 MP: 3/3
    93 | D:1      | Reached XP level 2. HP: 12/21 MP: 3/5
    96 | D:1      | Learned a level 2 spell: Wereblood
   391 | D:1      | Reached XP level 3. HP: 26/26 MP: 2/6
   462 | D:1      | Learned a level 3 spell: Spider Form
   529 | D:1      | Reached skill level 1 in Poison Magic
   692 | D:2      | Found a basalt altar of Yredelemnul.
   909 | D:2      | Reached skill level 2 in Poison Magic
   909 | D:2      | Reached XP level 4. HP: 31/32 MP: 7/7
  1113 | D:2      | Identified the +3 leather armour "Xemu" {rF- Regen+ SInv}
  1462 | D:2      | Noticed Jessica
  1476 | D:2      | Killed Jessica
  1477 | D:2      | Reached skill level 3 in Poison Magic
  1914 | D:3      | Reached XP level 5. HP: 37/37 MP: 8/8
  2181 | D:3      | Reached skill level 4 in Poison Magic
  2441 | D:3      | Reached skill level 5 in Poison Magic
  2531 | D:3      | Reached XP level 6. HP: 43/43 MP: 9/9
  2864 | D:4      | Noticed an ogre
  2872 | D:4      | Killed an ogre
  3027 | D:4      | Found an ancient bone altar of Kikubaaqudgha.
  3041 | D:4      | Noticed Edmund
  3064 | D:4      | HP: 1/64 [Edmund/+0 dire flail of protection (8)]
  3065 | D:4      | Slain by Edmund

Illustrated notes

Levels and vault maps discovered:
D:1:      roderic_crossed_star, layout_rooms
D:2:      layout_basic, basic_altar, uniq_jessica
D:3:      layout_loops_corners
D:4:      wad_crossroads, layout_cave_pools, general_overflow_altar,
          grunt_decor_fettered, uniq_edmund

Skill      XL: |  1  2  3  4  5  6 |
---------------+-------------------+-----
Transmutations | 3 |  3.8
Poison Magic   | 2 3 5 |  5.4
Unarmed Combat | 4 |  4.5
Fighting       | |  1.1
Dodging        | |  1.7
Spellcasting   | |  2.1

Action                     |  1- 3 |  4- 6 || total
---------------------------+-------+-------++-------
  Melee: Unarmed           |   114 |    25 ||   139
         Kick              |    18 |    13 ||    31
         Punch             |     2 |     1 ||     3
         Short sword       |       |    82 ||    82
   Fire: Sling             |       |    56 ||    56
  Throw: Stone             |     9 |       ||     9
   Cast: Beastly Appendage |    14 |    10 ||    24
         Wereblood         |     1 |     1 ||     2
         Spider Form       |       |     2 ||     2
  Evoke: Wand              |       |     3 ||     3
    Use: Scroll            |       |     6 ||     6
         Potion            |       |     4 ||     4
   Stab: Sleeping          |     2 |       ||     2
 Armour: Robe              |    38 |       ||    38
         Leather armour    |       |    39 ||    39
         Skin              |       |    12 ||    12
  Dodge: Dodged            |    64 |    47 ||   111

Table legend: (Time is in decaauts)
 A = Elapsed time spent in this place.
 B = Non-inter-level travel time spent in this place.
 C = Inter-level travel time spent in this place.
 D = Time resting spent in this place.
 E = Time spent auto-exploring this place.
 F = Levels seen in this place.
 G = Mean time per level.
                   A        B        C        D        E       F      G
               +--------+--------+--------+--------+--------+-----+--------+
         Total |   3060 |   2982 |     78 |     98 |   1914 |   4 |  765.0 |
       Dungeon |   3060 |   2982 |     78 |     98 |   1914 |   4 |  765.0 |
               +--------+--------+--------+--------+--------+-----+--------+

Top non-repeatable levels by time:
     D:2: 1051 daAuts
     D:3: 886 daAuts
     D:1: 687 daAuts
     D:4: 434 daAuts
